cohdb
Replays
Latest Replays
All Replays
Popular Replays
Top Player Replays
Match Explorer
How It Works
Community
CoH3 Stats
Reddit
Sign in to upload your games and track your stats! →
Sign in with Steam
Match 30746841
Unlisted
Match 30746841
Overview
Messages
Build Orders
End
Construct Barracks
Selects Armored Battlegroup
Riflemen Squad
Engineer Squad
1⁄4-ton 4x4 Truck
Selects Veteran Crews
Riflemen Squad
Riflemen Squad
Infantry Support Center
Construct Motor Pool
Selects Fast Deploy
Selects M31 Recovery Vehicle
Selects Fast Deploy
Selects M8 Scott SPG
M8 Scott SPG
Riflemen Squad
M1918 Browning Automatic Rifles
M1 Anti-tank Gun Team
Construct Medical Station
AI Takeover
Bego
Vlambulance-YouTube
▼△BlueSkid™△▼
ashilrye
0
0
Comments
sign in to comment!
No comments posted yet!